[Event "The 2007 Second Annual ACCA President's Tournament"]
[Site "chessclub.com"]
[Date "2007.07.22"]
[Round "11"]
[White "Vicki"]
[Black "Buzz"]
[Result "0-1"]
[WhiteElo "2278"]
[BlackElo "2829"]
[TimeControl "1680+1"]
[Annotator "10... -0.19"]

1. d4 d5 2. Nf3 Nf6 3. e3 e6 4. c4 dxc4 5. Bxc4 c5 6. O-O a6 7. dxc5 Qxd1
8. Rxd1 Bxc5 9. a3 b5 10. b4 Be7 {-0.19/12} 11. Bb3 a5 {-0.05/12} 12. Nc3
axb4 {+0.00/12} 13. Nxb5 O-O {-0.23/12} 14. Ne5 Ra5 {+0.14/11} 15. a4
Ne4 {+0.00/12} 16. Nc4 Ra6 {+0.09/12} 17. Bc2 Bb7 {+0.28/11} 18. Bb2
Nc5 {+0.24/11} 19. a5 Bd5 {+0.68/12} 20. Ne5 Bb3 {+1.08/12} 21. Rdc1
Bxc2 {+1.15/13} 22. Rxc2 Nb3 {+1.11/12} 23. Ra4 Rxa5 {+1.15/12} 24. Rxa5
Nxa5 {+1.16/12} 25. f4 f6 {+1.37/12} 26. Nd3 Nbc6 {+1.45/12} 27. Nd4
Nxd4 {+1.64/13} 28. Bxd4 Rd8 {+1.72/13} 29. Rc7 Bd6 {+1.61/14} 30. Rc1
Nb3 {+1.81/14} 31. Rc4 Be7 {+2.09/13} 32. g4 Nxd4 {+2.45/13} 33. Rxd4
Rxd4 {+3.69/13} 34. exd4 b3 {+3.87/12} 35. Nb2 Ba3 {+3.92/12} 36. Nc4
Bc1 {+4.00/12} 37. f5 b2 {+4.29/12} 38. Na3 Be3+ {+4.29/13} 39. Kg2
exf5 {+4.31/13} 40. gxf5 Bxd4 {+4.31/14} 41. Kf3 Be5 {+4.08/13} 42. h3
g6 {+4.11/14} 43. fxg6 hxg6 {+4.04/13} 44. Ke4 Kg7 {+3.96/14} 45. Nb1
g5 {+3.96/14} 46. Kd3 f5 {+4.12/14} 47. Ke3 Kh6 {+4.47/13} 48. Kf3
Kh5 {+6.21/13} 49. Ke3 g4 {+12.50/13} 50. hxg4+ fxg4 {+12.50/12} 51. Kf2
g3+ {+20.92/12} 52. Kf3 Kh4 {+233.04/12} 53. Kg2 Kg4 {+242.72/12} 54. Na3
Bd6 {+319.85/12} 55. Nb1 Bb4 {+319.87/14} 56. Kh1 Kf3 {+319.89/64} 57. Kg1
Ba5 {+319.91/64} 58. Na3 Bb6+ {+319.93/64} 59. Kh1 g2+ {+319.95/64} 60. Kh2
g1=Q+ {+319.97/64} 61. Kh3 Qh1# {+319.99/64}
{Vicki checkmated} 0-1

[Event "The 2007 Second Annual ACCA President's Tournament"]
[Site "chessclub.com"]
[Date "2007.07.22"]
[Round "12"]
[White "Buzz"]
[Black "DirtyX"]
[Result "0-1"]
[WhiteElo "2829"]
[BlackElo "2000"]
[TimeControl "1680+1"]
[Annotator "9. +1.02"]

1. e4 c6 2. d4 d5 3. e5 Bf5 4. Nc3 e6 5. g4 Bg6 6. Nge2 Ne7 7. f4 h5 8. f5
Bh7 9. fxe6 {+1.02/12} fxe6 10. Nf4 {+1.05/11} Ng6 11. Nxh5 {+1.25/11} Qh4+
12. Ng3 {+1.09/12} Bb4 13. Bd2 {+1.20/11} O-O 14. Be2 {+1.02/11} c5 15.
Nb5 {+0.78/11} Nf4 16. O-O {+0.48/11} Nh3+ 17. Kg2 {+0.53/11} Nc6 18.
c3 {+0.93/10} Rxf1 19. Bxf1 {+0.52/11} Ba5 20. Be3 {+0.29/11} cxd4 21.
cxd4 {+0.56/11} Rf8 22. a4 {+0.16/10} Ng5 23. Bxg5 {+0.11/11} Qxg5 24.
Be2 {+0.00/10} a6 25. Nd6 {-1.02/11} Bd2 26. Nxb7 {-0.95/10} Nxd4 27.
Bxa6 {-1.60/10} Nc2 28. Ra3 {-2.32/10} Nxa3 29. bxa3 {-4.81/11} Be3 30.
Qe2 {-5.24/11} Qxe5 31. Nc5 {-6.79/11} Rf2+ 32. Qxf2 {-6.91/13} Bxf2 33.
Kxf2 {-7.71/12} Qd4+ 34. Kg2 {-8.11/13} Qxc5 35. Bb5 {-8.43/12} Qxa3 36.
g5 {-8.51/11} Bc2 37. h4 {-9.14/11} Bxa4 38. Be2 {-9.58/12} d4 39.
Bc4 {-10.51/11} Bc6+ 40. Kh3 {-15.30/12} d3 41. Bxe6+ {-21.98/11} Kh8 42.
Bg4 {-20.23/10} Qc5 43. h5 {-319.84/12} Qf2 44. h6 {-319.88/12} g6 45.
h7 {-319.90/13} Bg2+ 46. Kh4 {-319.92/64} Qf4 47. Nf1 {-319.94/64} d2 48.
Ng3 {-319.96/64} d1=Q 49. Ne4 {-319.98/64} Qdxg4#
{Buzz checkmated} 0-1

[Event "The 2007 Second Annual ACCA President's Tournament"]
[Site "chessclub.com"]
[Date "2007.07.22"]
[Round "13"]
[White "Buzz"]
[Black "roce"]
[Result "1-0"]
[WhiteElo "2829"]
[BlackElo "2000"]
[TimeControl "1680+1"]
[Annotator "13. +0.41"]

1. d4 f5 2. c4 Nf6 3. g3 g6 4. Bg2 Bg7 5. Nf3 d6 6. O-O O-O 7. Nc3 Na6 8.
Rb1 c6 9. b4 Ne4 10. Nxe4 fxe4 11. Nd2 d5 12. b5 cxb5 13. cxd5 {+0.41/12}
Qxd5 14. Bxe4 {+0.38/11} Qxa2 15. Rxb5 {+0.71/11} Nc7 16. Rc5 {+1.27/12}
Ne6 17. Bd5 {+2.03/13} Qa6 18. Qb3 {+2.03/11} Kf7 19. Bc4 {+2.97/11} Qb6
20. Rb5 {+3.14/11} Qa6 21. Bb2 {+2.88/10} Ke8 22. Re5 {+2.99/10} Qb6 23.
Qxb6 {+3.03/11} axb6 24. Rxe6 {+2.97/14} Bxe6 25. Bxe6 {+3.18/13} Rd8 26.
e3 {+3.25/12} Rf6 27. Bb3 {+3.35/12} h5 28. Ne4 {+3.72/13} Rf5 29.
Be6 {+3.78/12} Rb5 30. Bc3 {+4.04/13} Bh8 31. Bc4 {+4.46/14} Rf5 32.
Rb1 {+4.46/12} Rc8 33. Be2 {+4.52/12} Rc7 34. Rxb6 {+4.96/12} Bf6 35.
g4 {+5.26/12} hxg4 36. Bxg4 {+5.42/12} Bh8 37. Rxg6 {+6.06/12} Rf8 38.
Bh5 {+6.15/12} Kd7 39. Bb4 {+6.29/11} Rc1+ 40. Kg2 {+6.47/11} Re8 41.
Nd6 {+6.92/10} Rb8 42. Bg4+ {+8.23/10} e6 43. Rxe6 {+9.34/10} Kc6 44.
Nc8+ {+9.52/10} Kb5 45. Rb6+ {+9.84/10} Kc4 46. Kf3 {+9.85/11} Bxd4 47.
Be6+ {+10.03/11} Kd3 48. Bf5+ {+10.03/11} Kc4 49. Nd6+ {+11.96/11} Kb3 50.
Bc5+ {+11.96/11} Kc3 51. Bxd4+ {+11.96/11} Kd2 52. Ne4+ {+11.96/10} Kd1 53.
Nc3+ {+14.24/11} Ke1 54. Rb2 {+230.32/11} b5
{roce resigns} 1-0

[Event "The 2007 Second Annual ACCA President's Tournament"]
[Site "chessclub.com"]
[Date "2007.07.22"]
[Round "14"]
[White "Matilde"]
[Black "Buzz"]
[Result "1-0"]
[WhiteElo "2284"]
[BlackElo "2829"]
[TimeControl "1680+1"]
[Annotator "3... +0.08"]

1. f4 d5 2. Nf3 Nf6 3. d4 Ne4 {+0.08/10} 4. e3 Qd6 {+0.07/10} 5. Nbd2
Bg4 {-0.01/10} 6. Be2 Nc6 {+0.03/10} 7. Nxe4 dxe4 {-0.14/12} 8. Nd2
Bxe2 {-0.52/13} 9. Qxe2 Qd5 {-0.63/12} 10. c4 Qa5 {-0.60/12} 11. O-O
f5 {-0.49/12} 12. d5 Nb4 {-0.52/12} 13. Nb3 Qa6 {-0.55/12} 14. Nc5
Qd6 {-0.37/12} 15. Ne6 c6 {-0.47/11} 16. a3 cxd5 {-0.18/11} 17. cxd5
Nxd5 {-0.09/13} 18. Rd1 Qxe6 {+0.84/13} 19. Qb5+ Qc6 {+0.96/14} 20. Rxd5
g6 {+0.86/13} 21. Qxc6+ bxc6 {+0.63/14} 22. Rc5 Rc8 {+0.56/14} 23. Bd2
Bg7 {+0.65/12} 24. Ra2 Kf7 {+0.58/12} 25. b4 Rhd8 {+0.46/12} 26. Rac2
Rd3 {+0.39/12} 27. Bc1 e5 {+0.33/13} 28. fxe5 Re8 {+0.29/12} 29. Bb2
Bh6 {+0.18/12} 30. Rxc6 Bxe3+ {+0.26/10} 31. Kf1 Bb6 {+0.16/10} 32. a4
Bd4 {+0.29/11} 33. Rf6+ Kg8 {+0.33/12} 34. Ra6 Bxb2 {+0.22/12} 35. Rxb2
Rxe5 {+0.14/12} 36. Rxa7 e3 {+0.16/11} 37. Rc2 Re8 {+0.20/11} 38. Ke2
Rd4 {+0.00/11} 39. b5 Rg4 {+0.00/10} 40. g3 Rb4 {+0.00/11} 41. h3
h6 {+0.00/11} 42. Ra6 Kh7 {+0.00/11} 43. b6 Kg8 {-0.19/11} 44. a5
g5 {-0.30/11} 45. Ra7 f4 {-0.28/10} 46. gxf4 Rxf4 {-0.83/10} 47. Rcc7
Rb4 {-1.64/9} 48. Re7 Rf8 {-1.82/9} 49. Rg7+ Kh8 {-1.82/7} 50. Rh7+
Kg8 {-1.69/8} 51. Rag7#
{Buzz checkmated} 1-0

[Event "ACCA Challenge Match"]
[Site "chessclub.com"]
[Date "2007.08.25"]
[Round "1"]
[White "Buzz"]
[Black "Telepath"]
[Result "1-0"]
[WhiteElo "2659"]
[BlackElo "2307"]
[TimeControl "840+1"]
[Annotator "20. +1.40"]

1. e4 c5 2. Nf3 Nc6 3. d4 cxd4 4. Nxd4 g6 5. c4 Nf6 6. Nc3 d6 7. Be2 Nxd4
8. Qxd4 Bg7 9. Bg5 O-O 10. Qd2 a6 11. Rc1 Be6 12. b3 b5 13. cxb5 axb5 14.
Bxb5 Qa5 15. Bc6 Rac8 16. Nd5 {+0.95/12} Qxd2+ 17. Bxd2 {+1.07/14} Nxd5
18.exd5 {+1.13/14} Bb2 19. Rc4 {+1.18/16} Bf5
{Game adjourned when Telepath disconnected}
20. Ke2 {+1.40/12} h5 21. h3 {+1.41/12} e6 22. Be3 {+1.45/12} Rc7 23.
Rd1 {+1.58/11} Be5 24. Rdc1 {+1.49/10} Bb2 25. Rg1 {+1.55/12} exd5 26.
Bxd5 {+1.59/12} Rd7 27. g4 {+1.88/13} hxg4 28. hxg4 {+1.79/14} Be6 29.
Bxe6 {+1.84/13} fxe6 30. Rd1 {+1.73/12} d5 31. Rc6 {+1.79/11} Kf7 32.
Rh1 {+1.80/11} Rh8 33. Rxh8 {+1.74/13} Bxh8 34. a4 {+1.74/12} d4 35.
Bd2 {+1.78/13} d3+ 36. Kf1 {+1.68/13} Ke7 37. a5 {+1.96/12} Bd4 38.
b4 {+1.97/12} Rd5 39. f3 {+2.12/12} Kf6 40. Rc7 {+2.25/13} Ke5 41.
Rf7 {+2.44/13} Rb5 42. Rg7 {+2.60/13} Kd5 43. Rxg6 {+2.61/14} Rb8 44.
Rh6 {+2.56/13} Rc8 45. Rh5+ {+2.47/12} e5 46. g5 {+2.64/13} Rc2 47.
Rh2 {+1.67/12} Ra2 48. b5 {+1.68/12} Be3 49. g6 {+2.35/11} Ra1+ 50.
Kg2 {+1.98/13} Rg1+ 51. Kh3 {+1.98/12} Bxd2 52. Rxd2 {+3.26/12} Rxg6 53.
b6 {+3.26/10} Kd4 54. b7 {+7.35/10} Rg8 55. a6 {+8.08/10} Rh8+ 56.
Kg2 {+10.42/11} Rg8+ 57. Kf1 {+11.70/10} e4 58. a7 {+16.31/10} e3 59.
b8=Q {+20.01/10} exd2 60. Qb4+ {+230.76/10} Ke5 61. Qxd2 {+230.79/10} Kd4
62. Qb2+ {+230.79/10} Kc5 63. Qe5+ {+230.79/10} Kb4 64. Qd5 {+230.81/10} d2
65. Ke2 {+240.54/10} Rg2+ 66. Kd1 {+319.85/12} Rg1+ 67. Kxd2 {+319.87/17}
Ra1 68. Qd4+ {+319.89/22} Kb5 69. Qxa1 {+319.91/63} Kc6 70.
a8=Q+ {+319.93/64} Kb5 71. Q1a4+ {+319.97/64} Kb6 72. Q4a5# {+319.99/64}
{Telepath checkmated} 1-0

[Event "ACCA Challenge Match"]
[Site "chessclub.com"]
[Date "2007.08.25"]
[Round "2"]
[White "Telepath"]
[Black "Buzz"]
[Result "1-0"]
[WhiteElo "2306"]
[BlackElo "2668"]
[TimeControl "840+1"]
[Annotator "13... +0.16"]

1. Nf3 d5 2. g3 c6 3. Bg2 Nf6 4. O-O Bg4 5. d3 Nbd7 6. Nbd2 e6 7. h3 Bh5 8.
e3 Be7 9. g4 Bg6 10. Nh4 O-O 11. f4 Ne8 12. Nxg6 hxg6 13. Nb3 g5 {+0.16/12}
14. Bd2 Qb6 {+0.28/11} 15. f5 exf5 {+0.25/11} 16. Rxf5 g6 {+0.16/11} 17.
Rf2 Nc5 {+0.00/11} 18. Ba5 Qa6 {-0.01/11} 19. Qe1 Nxb3 {-0.64/12} 20. axb3
Bd6 {-0.62/11} 21. c4 b6 {-0.51/12} 22. Bc3 Qb7 {-0.51/10} 23. cxd5
cxd5 {-0.68/12} 24. Qf1 Be7 {-0.39/10} 25. e4 Bc5 {-0.79/11} 26. d4
Bd6 {-0.90/11} 27. e5 Be7 {-0.70/13} 28. Qb5 Rd8 {-0.79/13} 29. Qa6
Qc6 {-0.83/13} 30. Qxa7 Nc7 {-0.92/12} 31. Qa4 b5 {-0.65/13} 32. Qa2
b4 {-0.68/12} 33. Bd2 Ra8 {-0.76/12} 34. Qb1 Rac8 {-0.98/11} 35. Qd3
Ra8 {-1.06/11} 36. Rff1 Rad8 {-1.05/12} 37. Be3 Qb6 {-1.05/12} 38. Rfc1
Kg7 {-1.10/11} 39. Qc2 Ne6 {-1.20/13} 40. Qc6 Qxc6 {-1.56/14} 41. Rxc6
Rd7 {-1.66/14} 42. Rca6 Rfd8 {-1.79/14} 43. Ra7 Nf4 {-1.83/15} 44. R1a6
Nxg2 {-1.11/15} 45. Kxg2 Kf8 {-1.38/15} 46. Rxd7 Rxd7 {-1.21/16} 47. Kf3
Rc7 {-1.21/17} 48. Ra8+ Kg7 {-1.21/16} 49. Ra5 Rc2 {-1.55/16} 50. Rxd5
Rxb2 {-1.25/14} 51. Rd7 Kf8 {-1.83/15} 52. d5 Ke8 {-1.98/14} 53. Rb7
Rxb3 {-2.60/14} 54. d6 Bd8 {-2.73/14} 55. Ke4 Rc3 {-3.48/13} 56. Kd4
f5 {-2.76/12} 57. d7+ Kf8 {-3.39/13} 58. Rxb4 Rc7 {-2.76/14} 59. e6
f4 {-2.77/13} 60. Bd2 Ke7 {-2.78/14} 61. Kd5 Rc2 {-3.81/14} 62. Rd4
Kf6 {-4.36/14} 63. h4 gxh4 {-4.36/12} 64. Rxf4+ Kg5 {-6.26/13} 65. Be3
Rc3 {-6.26/12} 66. Re4+ Rxe3 {-13.19/13} 67. Rxe3 Be7 {-14.41/12} 68. Rf3
Kxg4 {-14.68/11} 69. Rf7 g5 {-319.84/11} 70. Rxe7 h3 {-319.86/10} 71. d8=Q
h2 {-319.88/13} 72. Rh7 Kf3 {-319.90/27} 73. Qxg5 h1=Q {-319.92/64} 74.
Rxh1 Ke2 {-319.94/64} 75. Qg2+ Ke3 {-319.96/64} 76. Rh3+ Kf4 {-319.98/64}
77. Rf3#
{Buzz checkmated} 1-0

[Event "ACCA Challenge Match"]
[Site "chessclub.com"]
[Date "2007.08.25"]
[Round "3"]
[White "Buzz"]
[Black "Telepath"]
[Result "1/2-1/2"]
[WhiteElo "2575"]
[BlackElo "2316"]
[TimeControl "840+1"]
[Annotator "11. +0.28"]

1. e4 c5 2. Nf3 Nc6 3. d4 cxd4 4. Nxd4 g6 5. c4 Nf6 6. Nc3 d6 7. Be2 Nxd4
8. Qxd4 Bg7 9. O-O O-O 10. Qe3 a6 11. h3 {+0.28/10} b6 12. Bd2 {+0.48/10}
Nd7 13. Rab1 {+0.41/10} Bb7 14. b4 {+0.31/11} a5 15. a3 {+0.49/11} axb4 16.
axb4 {+0.65/11} e6 17. Rfd1 {+0.56/9} Ra3 18. Be1 {+0.59/10} Qb8 19.
f3 {+0.69/10} Be5 20. Rbc1 {+0.78/9} Rd8 21. f4 {+0.73/10} Bf6 22.
Rd3 {+0.79/10} Qc8 23. Rcd1 {+0.69/10} Qxc4 24. e5 {+0.50/10} Be7 25.
Qf2 {+0.40/10} Raa8 26. Re3 {+0.48/10} Qc8 27. exd6 {+0.64/11} Bf6 28.
Kh2 {+0.57/10} Bg7 29. g4 {+0.48/10} Bc6 30. Kg1 {+0.55/10} Re8 31.
Rg3 {+0.61/9} Ra3 32. Kh2 {+0.45/10} e5 33. f5 {+0.52/10} e4 34.
Kg1 {+0.49/10} Qa8 35. b5 {+0.46/9} e3 36. Rxe3 {+1.27/11} Rxe3 37.
Qxe3 {+0.96/12} Bh1 38. Bf1 {+1.15/11} Be5 39. Rd3 {+0.95/11} Ra1 40.
Qe2 {+0.97/10} Nc5 41. Rd1 {+1.29/11} Rxd1 42. Qxd1 {+0.66/10} Bf3 43.
Qd2 {+0.56/10} Nb3 44. Qc2 {+0.27/10} Nd4 45. Qd3 {+0.25/10} gxf5 46.
Bg3 {+0.58/9} Be4 47. Nxe4 {+0.63/11} fxe4 48. Qc4 {+0.12/11} Nf3+ 49.
Kg2 {+0.00/12} Bxg3 50. d7 {+0.00/11} Qd8 51. Qxe4 {+0.51/12} Ne5 52.
Kxg3 {+0.87/11} Nxd7 53. h4 {+0.84/11} Qc7+ 54. Kg2 {+0.93/11} Nc5 55.
Qe8+ {+0.90/10} Kg7 56. Qe3 {+0.88/10} Ne6 57. Kg1 {+0.73/10} Qd8 58.
h5 {+0.69/11} Qd1 59. Qe5+ {+0.58/11} Kf8 60. Qe4 {+0.52/12} Ng5 61.
Qf5 {+0.54/12} h6 62. Kg2 {+0.42/11} Qd2+ 63. Qf2 {+0.31/12} Qd5+ 64.
Kh2 {+0.31/11} Qe5+ 65. Qg3 {+0.00/13} Qb2+ 66. Kh1 {+0.00/13} Qc1 67.
Qb8+ {+0.59/11} Kg7 68. Qe5+ {+0.60/11} f6 69. Qe7+ {+0.64/13} Nf7 70.
Kg2 {+0.66/13} Qb2+ 71. Be2 {+0.67/12} Qe5 72. Qxe5 {+0.64/14} fxe5 73.
Bf3 {+0.58/15} Kf6 74. Bc6 {+0.45/14} Kg5 75. Kf3 {+0.13/14} Nd6 76.
Bd7 {+0.00/15} Kh4 77. Ke3 {+0.00/15} Kg5 78. Kf3 {+0.00/15} Kh4 79.
Ke3 {+0.00/16} Kg5 80. Kf3 {+0.00/15}
{Game drawn by repetition} 1/2-1/2

[Event "ACCA Challenge Match"]
[Site "chessclub.com"]
[Date "2007.08.25"]
[Round "4"]
[White "Telepath"]
[Black "Buzz"]
[Result "1/2-1/2"]
[WhiteElo "2320"]
[BlackElo "2548"]
[TimeControl "840+1"]
[Annotator "5... +0.42"]

1. Nf3 d5 2. g3 Nc6 3. Bg2 e5 4. d3 Nf6 5. Nbd2 h6 {+0.42/10} 6. O-O
e4 {+0.44/10} 7. Ne1 Bf5 {+0.42/10} 8. c4 dxc4 {+0.34/9} 9. Nxc4
a6 {+0.29/9} 10. Bf4 g5 {+0.34/10} 11. Bd2 Nd4 {+0.16/9} 12. e3
Bg4 {-0.23/11} 13. f3 exf3 {-0.58/12} 14. Nxf3 Nc6 {-0.92/11} 15. Qb3
Rb8 {-0.94/11} 16. Nxg5 hxg5 {-1.10/11} 17. Rxf6 Qxf6 {-1.03/12} 18. Bc3
Qd8 {-0.99/11} 19. Bxh8 Nb4 {-1.15/11} 20. d4 b5 {-1.40/11} 21. Ne5
Be6 {-1.89/12} 22. Qd1 Rb6 {-1.76/11} 23. a3 Nd5 {-1.73/11} 24. Qf3
g4 {-2.00/11} 25. Nxg4 f5 {-2.18/11} 26. Nf2 Qg5 {-2.39/11} 27. Re1
Qh6 {-2.18/10} 28. Be5 b4 {-2.37/10} 29. a4 b3 {-2.65/10} 30. Nd3
Bb4 {-2.43/10} 31. Nxb4 Rxb4 {-2.75/11} 32. Qd1 c6 {-3.01/10} 33. Qd3
Rxa4 {-3.13/12} 34. Qxb3 Rb4 {-3.52/11} 35. Qa3 Rb5 {-3.98/11} 36. Bf1
Rb7 {-4.03/10} 37. Bxa6 Rh7 {-4.32/10} 38. h4 Bd7 {-4.54/10} 39. Bc4
Nb6 {-5.00/10} 40. Ba2 Qg6 {-5.00/10} 41. Kf2 Bc8 {-4.95/11} 42. Rh1
f4 {-4.53/9} 43. exf4 Qc2+ {-4.43/10} 44. Kf3 Bb7 {-4.43/9} 45. Qd6
c5+ {+0.00/11} 46. d5 Qd3+ {+0.00/11} 47. Kf2 Qd2+ {+0.00/12} 48. Kg1
Qe3+ {+0.00/11} 49. Kg2 Qe2+ {+0.00/12} 50. Kg1 Qe3+ {+0.00/13} 51. Kg2
Qe2+ {+0.00/12} 52. Kg1 Qe3+ {+0.00/13}
{Game drawn by repetition} 1/2-1/2

[Event "2007 Second Annual ACCA Americas' Computer Chess Championships"]
[Site "chessclub.com"]
[Date "2007.10.27"]
[Round "2"]
[White "Buzz"]
[Black "ProphetX"]
[Result "1-0"]
[WhiteElo "2829"]
[BlackElo "2353"]
[TimeControl "2700+10"]

1. e4 d6 2. d4 Nf6 3. Nc3 e5 4. Nf3 Nbd7 5. Bc4 exd4 6. Qxd4 {+0.41/11} c6
7. Bf4 {+0.34/10} b5 8. Be2 {+0.32/11} Nc5 9. a3 {+0.32/11} Ne6 10.
Qd2 {+0.27/11} Nxf4 11. Qxf4 {+0.25/12} Qb6 12. e5 {+0.24/11} Ng4 13.
O-O {+0.42/10} dxe5 14. Nxe5 {+0.48/12} Nxe5 15. Qxe5+ {+1.12/12} Be6 16.
Rad1 {+1.17/12} Qc5 17. Qe4 {+1.25/12} Rc8 18. Bg4 {+1.44/12} Qe7 19.
Rfe1 {+2.33/12} a5 20. Bh5 {+2.37/11} g6 21. Qd4 {+2.18/11} Rg8 22.
Ne4 {+2.73/13} Bg7 23. Nd6+ {+2.85/13} Kf8 24. Nxc8 {+2.76/14} Bxd4 25.
Nxe7 {+2.90/14} Kxe7 26. Rxd4 {+3.25/13} gxh5 27. Re5 {+3.25/13} f5 28.
f4 {+3.53/12} h4 29. Rd3 {+3.87/13} Kf7 30. a4 {+3.99/13} Bd5 31.
Rxf5+ {+4.09/12} Ke6 32. Re5+ {+4.04/12} Kf7 33. Rg5 {+3.98/13} Rxg5 34.
fxg5 {+3.89/13} Be4 35. Rd7+ {+3.88/12} Kg6 36. c3 {+4.01/12} Kxg5 37.
Ra7 {+3.85/12} Bc2 38. Rxa5 {+4.14/12} Bxa4 39. Ra6 {+4.24/13} Bb3 40.
Rxc6 {+4.44/13} Bc4 41. Kf2 {+4.51/12} h5 42. h3 {+4.88/13} Kf5 43.
Rc5+ {+5.01/13} Kg6 44. Re5 {+5.05/14} Kh6 45. Re4 {+5.13/13} Kg5 46.
b4 {+5.21/13} Kf6 47. Rxh4 {+5.30/13} Bf7 48. Rf4+ {+5.56/13} Kg6 49.
c4 {+5.75/13} bxc4 50. b5 {+6.76/12} c3 51. Rf3 {+8.60/12} c2 52.
Rc3 {+8.78/13} Bb3 53. b6 {+9.13/12} Bd5 54. Rxc2 {+11.00/11} h4 55.
Rc7 {+227.98/11} Kf6 56. b7 {+227.99/11} Bxb7 57. Rxb7 {+228.01/13} Ke6 58.
Ke3 {+238.99/15} Kd5 59. Rb5+ {+319.71/14} Kc6 60. Re5 {+319.73/16} Kd6 61.
Kd4 {+319.79/16} Kd7 62. Kc5 {+319.87/29} Kc8 63. Kc6 {+319.95/64} Kd8 64.
Re1 {+319.97/64} Kc8 65. Re8# {+319.99/64}
{ProphetX checkmated} 1-0

[Event "2007 Second Annual ACCA Americas' Computer Chess Championships"]
[Site "chessclub.com"]
[Date "2007.10.27"]
[Round "3"]
[White "parrotC"]
[Black "Buzz"]
[Result "1/2-1/2"]
[WhiteElo "2336"]
[BlackElo "2829"]
[TimeControl "2700+10"]

1. e4 c6 2. c4 d5 3. exd5 cxd5 4. cxd5 Nf6 5. Nc3 Nxd5 6. Nf3 Nxc3 7. bxc3
g6 8. h4 Bg7 9. d4 Be6 {-0.31/10} 10. Bd3 Bd5 {-0.16/9} 11. O-O
Nc6 {-0.21/10} 12. Rb1 Qd7 {-0.08/10} 13. Rb2 Qg4 {+0.00/11} 14. Bg5
h6 {+0.41/11} 15. Be3 Bxf3 {+0.35/11} 16. Qxf3 Qxf3 {+0.18/13} 17. gxf3
O-O-O {-0.07/13} 18. Rfb1 b6 {+0.45/11} 19. Rb5 e5 {+0.38/12} 20. d5
Ne7 {+0.16/12} 21. c4 Nf5 {-0.10/12} 22. c5 Rxd5 {+0.23/13} 23. cxb6
Rxb5 {+0.18/13} 24. Rc1+ Kb7 {+0.11/14} 25. Rc7+ Kb8 {-0.55/15} 26. Bxb5
axb6 {-1.08/15} 27. Bxb6 Nd6 {-1.22/15} 28. Ba6 Rd8 {-1.15/15} 29. Re7
Re8 {-1.39/16} 30. Rd7 Bf8 {-1.39/14} 31. Bc7+ Ka7 {-1.40/14} 32. Be2
Nf5 {-1.37/14} 33. Rxf7 Re7 {-1.53/14} 34. Rxe7 Bxe7 {-1.73/16} 35. h5
gxh5 {-1.76/15} 36. Bxe5 h4 {-2.00/15} 37. Kg2 Kb6 {-2.01/15} 38. Bd3
Nd6 {-2.20/15} 39. Bc3 Nb5 {-1.81/13} 40. Bg7 Bg5 {-1.99/15} 41. Be5
Nc7 {-1.81/14} 42. f4 Be7 {-2.18/14} 43. Be4 Ne8 {-2.17/13} 44. f5
Nf6 {-1.87/13} 45. Bf3 Kc5 {-2.09/14} 46. Kh3 Nh7 {-2.00/13} 47. Ba8
Kb4 {-2.43/15} 48. Bg7 Ka3 {-2.66/15} 49. Bxh6 Kxa2 {-2.91/16} 50. Be3
Kb3 {-2.81/16} 51. f4 Nf6 {-2.91/16} 52. Bf2 Nh5 {-2.90/16} 53. Bxh4
Nxf4+ {-2.92/16} 54. Kg4 Bxh4 {-3.11/18} 55. Bc6 Bf6 {-1.62/15} 56. Kxf4
Kc4 {-1.62/16} 57. Be8 Kd5 {-1.62/17} 58. Bf7+ Kd4 {-1.62/18} 59. Bg8
Be5+ {-1.62/17} 60. Kg5 Kc3 {-1.62/18} 61. f6 Bxf6+ {+0.00/18}
{Game drawn because neither player has mating material} 1/2-1/2

[Event "2007 Second Annual ACCA Americas' Computer Chess Championships"]
[Site "chessclub.com"]
[Date "2007.10.27"]
[Round "4"]
[White "Buzz"]
[Black "Tinker"]
[Result "1/2-1/2"]
[WhiteElo "2829"]
[BlackElo "2415"]
[TimeControl "2700+10"]

1. d4 Nf6 2. c4 e6 3. Nc3 Bb4 4. e3 O-O 5. Nf3 d5 6. Bd3 c5 7. O-O Nc6 8.
a3 Bxc3 9. bxc3 Ne4 10. cxd5 {-0.01/12} exd5 11. c4 {-0.03/11} Re8 12.
Qc2 {-0.07/12} cxd4 13. Nxd4 {-0.09/12} Ne5 14. f3 {-0.08/12} Nxd3 15.
Qxd3 {+0.01/13} Nc5 16. Qc3 {-0.01/12} dxc4 17. Qxc4 {-0.24/12} b6 18.
Rd1 {-0.17/12} Qf6 19. Bb2 {-0.11/11} Qg5 20. e4 {-0.09/11} Qe3+ 21.
Kh1 {+0.00/13} Be6 22. Nxe6 {+0.45/11} Nxe6 23. Bc1 {+0.38/11} Qf2 24.
Ra2 {+0.33/11} Qc5 25. Qxc5 {+0.32/13} bxc5 26. e5 {+0.53/12} Rad8 27.
Rxd8 {+0.41/14} Rxd8 28. Rd2 {+0.21/14} Rxd2 29. Bxd2 {+0.38/13} Kf8 30.
Kg1 {+0.67/12} Ke7 31. Kf2 {+0.63/12} Kd7 32. f4 {+0.89/11} Kc6 33.
Ke3 {+0.72/12} Kd5 34. a4 {+0.62/12} g5 35. g3 {+0.42/12} a6 36.
Bc3 {+0.46/12} h5 37. Bd2 {+0.30/12} gxf4+ 38. gxf4 {+0.00/13} Nd4 39.
Bc3 {-0.18/13} Nf5+ 40. Kf3 {-0.28/13} Kc4 41. Ke4 {-1.35/14} Kxc3 42.
Kxf5 {-1.36/16} c4 43. Kf6 {-1.40/15} Kb2 44. Kxf7 {-1.13/14} c3 45.
e6 {-1.12/13} c2 46. e7 {-1.12/12} c1=Q 47. e8=Q {-1.13/12} Qxf4+ 48.
Kg6 {-1.18/11} Qxh2 49. Qe6 {-1.18/10} a5 50. Qb6+ {-0.14/10} Kc2 51.
Qxa5 {+0.00/10} h4 52. Kh5 {+0.00/10} Kd3 53. Qb4 {+0.00/11} h3 54.
Kh4 {+0.00/11} Qg2 55. Qb3+ {+0.00/11} Kd4 56. Qb6+ {+0.00/11} Ke5 57.
Qc7+ {+0.00/11} Kd4 58. Qb6+ {+0.00/12} Kd3 59. Qb3+ {+0.00/13} Kd4 60.
Qb6+ {+0.00/13}
{Game drawn by repetition} 1/2-1/2

[Event "2007 Second Annual ACCA Americas' Computer Chess Championships"]
[Site "chessclub.com"]
[Date "2007.10.28"]
[Round "5"]
[White "Amateur"]
[Black "Buzz"]
[Result "1-0"]
[WhiteElo "2531"]
[BlackElo "2829"]
[TimeControl "2700+10"]

1. d4 Nf6 2. c4 g6 3. Nc3 Bg7 4. e4 d6 5. Nf3 O-O 6. Be2 e5 7. O-O Nc6 8.
d5 Ne7 9. b4 a5 10. Ba3 b6 11. bxa5 Nh5 12. Re1 f5 13. axb6 Rxa3 {+0.75/13}
14. Nb5 Ra6 {+0.62/13} 15. c5 fxe4 {+0.20/12} 16. bxc7 Qd7 {+0.28/11} 17.
Ng5 Qf5 {+0.28/11} 18. Nxe4 Qxe4 {+0.04/11} 19. Nxd6 Qh4 {-1.38/12} 20.
Nxc8 Nxc8 {-1.38/11} 21. Bxa6 Qxf2+ {-2.92/11} 22. Kh1 Nf4 {-3.39/11} 23.
Qf3 Qxc5 {-1.72/12} 24. Rac1 Qb4 {-2.36/11} 25. Qg4 Nb6 {-2.48/11} 26. Rf1
h5 {-1.97/10} 27. Qd1 Qa5 {-2.30/10} 28. Bc4 Kh7 {-1.94/9} 29. d6
Qa8 {-3.44/9} 30. Rf2 Qa3 {-3.87/8} 31. Rf3 Qa8 {-4.80/9} 32. d7
Nxd7 {-5.77/11} 33. Qxd7 Rc8 {-6.86/11} 34. Bf7 Qa6 {-9.63/11} 35. Rxf4
exf4 {-10.05/13} 36. Bxg6+ Kxg6 {-10.07/13} 37. Rc6+ Qxc6 {-10.60/14} 38.
Qxc6+ Bf6 {-10.71/14} 39. Qe4+ Kg7 {-11.90/13} 40. Qb7 Rxc7 {-13.18/12} 41.
Qxc7+ Kg6 {-15.36/12} 42. Qxf4 Kf7 {-16.91/11} 43. h4 Ke6 {-16.42/11} 44.
Qh6 Ke7 {-233.96/12} 45. Qxh5 Kd6 {-233.97/12} 46. g4 Be5 {-233.98/12} 47.
g5 Ke6 {-233.98/11} 48. Qg4+ Kd6 {-244.96/12} 49. h5 Kc5 {-245.00/11} 50.
g6 Bg7 {-319.84/11} 51. h6 Bxh6 {-319.86/11} 52. Qh5+ Kd4 {-319.88/44} 53.
Qxh6 Kd5 {-319.90/64} 54. g7 Kd4 {-319.92/64} 55. Qf4+ Kd5 {-319.92/64} 56.
g8=Q+ Kc6 {-319.94/64} 57. Qgc4+ Kd7 {-319.96/64} 58. Qcc7+
Ke6 {-319.98/64} 59. Qcf7#
{Buzz checkmated} 1-0